 Dungeon Crawl Stone Soup version 0.28.0-53-g5a82cb258f (webtiles) character file.

Game seed: 12998222376938955398

407 Peloso the Slasher (level 6, -4/51 (53) HPs)
             Began as a Minotaur Fighter on June 29, 2022.
             Slain by a wight
             ... wielding a +1 mace
              (10 damage)
             ... on level 5 of the Dungeon.
             The game lasted 00:05:04 (3814 turns).

Peloso the Slasher (Minotaur Fighter)               Turns: 3814, Time: 00:05:05

HP:   -4/51 (53)    AC:  8    Str: 20    XL:     6   Next: 57%
MP:   5/5           EV:  9    Int:  5    God:
Gold: 274           SH:  5    Dex: 12    Spells: 5/5 levels left

rFire   . . .      SeeInvis .   a - +0 long sword
rCold   . . .      Faith    .   c - +0 buckler
rNeg    . . .      Spirit   .   b - +0 scale mail
rPois   .          Reflect  .   (helmet restricted)
rElec   .          Harm     .   (no cloak)
rCorr   .          Rampage  .   e - +0 pair of gloves
Will    .....                   (no boots)
Stlth   ..........              (no amulet)
HPRegen 0.17/turn               (no ring)
MPRegen 0.09/turn               (no ring)

@: lightly drained
A: horns 2, retaliatory headbutt
a: no special abilities


You were on level 5 of the Dungeon.
You visited 1 branch of the dungeon, and saw 6 of its levels.

You collected 274 gold pieces.

Inventory:

Hand Weapons
 a - a +0 long sword (weapon)
 k - a +0 hand crossbow
Armour
 b - a +0 scale mail (worn)
 c - a +0 buckler (worn)
 e - a +0 pair of gloves (worn)
Scrolls
 f - a scroll of amnesia {unknown}
 g - a scroll of enchant armour {unknown}
 i - a scroll of holy word {unknown}
 j - 2 scrolls of teleportation {unknown}
 m - a scroll of fog {unknown}
Potions
 d - 3 potions of might
 h - 2 potions of cancellation
 l - 2 potions of curing
 n - a potion of haste
 o - a potion of heal wounds {unknown}


   Skills:
 + Level 4.6 Fighting
 + Level 5.8 Long Blades
 + Level 5.2 Armour
 + Level 1.5 Dodging
 + Level 0.2 Stealth
 + Level 4.8 Shields


You had 5 spell levels left.
You didn't know any spells.
Your spell library contained the following spells:

 Spells                   Type           Power      Damage    Failure   Level
 Animate Skeleton         Necr           0%         N/A       88%         1
 Pain                     Necr           0%         1d4       88%         1
 Vampiric Draining        Necr           0%         2d6       99%         3


Dungeon Overview and Level Annotations

Branches:
Dungeon (6/15)
 Temple: D:4-7

Altars:

Shops:
D:3 !

Annotations:
D:5 Duvessa


Innate Abilities, Weirdness & Mutations

You have a pair of horns on your head.
You reflexively headbutt those who attack you in melee.


Message History

Unknown command.
The orc priest closely misses you. You furiously retaliate!
You headbutt the orc priest! The wight closely misses you.
You block the orc priest's attack.
You climb upwards.
Level annotation: Duvessa
There is a stone staircase leading down here.
Unknown command.
You barely miss the orc priest.
The orc priest is heavily wounded.
The wight hits you with a +1 mace.
You feel drained. The orc priest hits you with a +0 whip.
You slash the orc priest!
You kill the orc priest!
The wight hits you with a +1 mace!
You feel drained. The wight hits you with a +1 mace.
You feel drained.
You see here a +0 whip.
The wight closely misses you.
You hit the wight but do no damage. Your headbutt misses the wight.
The wight hits you with a +1 mace!
You slash the wight!
The wight is severely damaged.
The wight hits you with a +1 mace.
* * * LOW HITPOINT WARNING * * *
You closely miss the wight.
The wight is severely damaged.
You block the wight's attack.
You hit the wight but do no damage.
The wight is heavily damaged.
The wight hits you but does no damage.
You barely miss the wight. Your headbutt misses the wight.
The wight is heavily damaged.
The wight hits you with a +1 mace.
* * * LOW HITPOINT WARNING * * *
The wight hits you with a +1 mace.
* * * LOW HITPOINT WARNING * * *
You closely miss the wight.
The wight is heavily damaged.
The wight hits you with a +1 mace!
You die...

## ##......##
....#........#
#......##....##
....##..##....#
....#...#....##
...............#
....##.........#
.....#........##
.........@)>...#
..........z.####
............#
..#..#.....## .
#######..#
#####.######
....#.......#
............#
..............##


You could see a wight.

Vanquished Creatures
  A howler monkey (D:3)
  A hound (D:4)
  An orc priest (D:5)
  A centaur skeleton (D:4)
  3 iguanas
  A hound skeleton (D:4)
  8 adders
  6 gnolls
  2 worms
  4 bats (D:1)
  6 endoplasms
  A giant cockroach (D:3)
  11 goblins
  3 hobgoblins
  5 jackals
  A quokka (D:3)
  6 ball pythons
  3 frilled lizards (D:1)
  5 rats
69 creatures vanquished.

Notes
Turn   | Place    | Note
-------+----------+-------------------------------------------
     0 | D:1      | Peloso the Minotaur Fighter began the quest for the Orb.
     0 | D:1      | Reached XP level 1. HP: 19/19 MP: 0/0
   394 | D:1      | Reached XP level 2. HP: 27/27 MP: 1/1
   952 | D:2      | Reached XP level 3. HP: 30/33 MP: 2/2
  1322 | D:2      | Reached XP level 4. HP: 40/40 MP: 3/3
  1325 | D:2      | Reached skill level 1 in Dodging
  1894 | D:3      | Reached XP level 5. HP: 45/46 MP: 4/4
  2013 | D:3      | Found Urayzat's Distillery.
  2889 | D:4      | Reached skill level 5 in Long Blades
  3194 | D:4      | Reached XP level 6. HP: 43/53 MP: 5/5
  3330 | D:4      | Reached skill level 5 in Armour
  3463 | D:5      | Entered Level 5 of the Dungeon
  3468 | D:5      | Noticed Duvessa
  3814 | D:5      | Slain by a wight

Illustrated notes

Levels and vault maps discovered:
D:1:      dpeg_arrival_orchard, layout_basic, st_stairs_13
D:2:      layout_rooms, minmay_tetromino_s2
D:3:      layout_loops_ring, serial_shops, nicolae_shop_trees,
          minmay_misc_feat_secret_circle, amethyst_killhole
D:4:      layout_basic
D:5:      layout_cave_pools, uniq_duvessa, uniq_prince_ribbit1
D:6:      layout_loops_cross, zin_academy, minmay_temple_entry_stoned_glass

Skill      XL: |  1  2  3  4  5  6 |
---------------+-------------------+-----
Shields        | 4 |  4.8
Armour         | 4 5 |  5.2
Fighting       | 4 |  4.6
Long Blades    | 3 4 5 |  5.8
Dodging        | 1 |  1.5
Stealth        | |  0.2

Action                   |  1- 3 |  4- 6 || total
-------------------------+-------+-------++-------
Melee: Long sword        |    78 |   120 ||   198
       Headbutt          |     6 |    15 ||    21
  Use: Scroll            |       |     3 ||     3
Armor: Scale mail        |    37 |    56 ||    93
Dodge: Dodged            |    43 |    60 ||   103
Block: Buckler           |    27 |    23 ||    50
